 Dungeon Crawl Stone Soup version 0.27-a0-1188-g73eefd5def (webtiles) character file.

Game seed: 15768735034272303879

14 Glokmah the Vexing (level 2, 0/16 HPs)
             Began as a Kobold Arcane Marksman on May 21, 2021.
             Slain by a jackal (2 damage)
             ... on level 1 of the Dungeon.
             The game lasted 00:02:14 (830 turns).

Glokmah the Vexing (Kobold Arcane Marksman)          Turns: 830, Time: 00:02:15

Health: 0/16       AC:  2    Str:  7    XL:     2   Next: 55%
Magic:  2/3        EV: 15    Int: 14    God:
Gold:   29         SH:  0    Dex: 15    Spells: 2/3 levels left

rFire    . . .     SeeInvis .   a - +0 hand crossbow
rCold    . . .     Faith    .   (shield restricted)
rNeg     . . .     Spirit   .   e - +0 robe
rPois    .         Reflect  .   (no helmet)
rElec    .         Harm     .   (no cloak)
rCorr    .         Rampage  .   (no gloves)
Will     .....                  (no boots)
Stlth    +++.......             (no amulet)
HPRegen  0.05/turn              (no ring)
MPRegen  0.08/turn              (no ring)

@: no status effects
A: small, no large weapons, nightstalker 3
a: no special abilities


You were on level 1 of the Dungeon.
You visited 1 branch of the dungeon, and saw 1 of its levels.

You collected 29 gold pieces.

Inventory:

Hand Weapons
 a - a +0 hand crossbow (weapon)
 b - a +0 dagger
 c - a +0 spear
Missiles
 d - 17 bolts (quivered ammo)
Armour
 e - a +0 robe (worn)


   Skills:
 + Level 1.3 Fighting
 * Level 2.9 Crossbows
 - Level 2.4 Dodging
 + Level 1.0 Stealth
 - Level 1.1 Spellcasting
 * Level 3.2 Hexes


You had 2 spell levels left.
You knew the following spells:

 Your Spells              Type           Power      Damage    Failure   Level
a - Corona                Hex            10%        N/A       7%          1

Your spell library contained the following spells:

 Spells                   Type           Power      Damage    Failure   Level
 Slow                     Hex            9%         N/A       11%         2
 Inner Flame              Hex/Fire       5%         N/A       38%         3
 Portal Projectile        Hex/Tloc       10%        N/A       38%         3
 Cause Fear               Hex            4%         N/A       56%         4
 Leda's Liquefaction      Hex/Erth       2%         N/A       80%         4


Dungeon Overview and Level Annotations

Branches:
Dungeon (1/15)

Altars:


Innate Abilities, Weirdness & Mutations

You are small and have problems with some larger weapons.
You are completely attuned to the shadows.


Message History

The jackal is outlined in light.
The jackal bites you.
You hit the jackal but do no damage.
The jackal is heavily wounded.
The jackal misses you.
The jackal bites you but does no damage.
You hit the jackal but do no damage.
The jackal is heavily wounded.
The jackal completely misses you.
You hit the jackal but do no damage.
The jackal is heavily wounded.
The jackal barely misses you.
You hit the jackal but do no damage.
The jackal is heavily wounded.
The jackal bites you. x2
You hit the jackal but do no damage.
The jackal is heavily wounded.
The jackal bites you.
a - a +0 hand crossbow (weapon)
The jackal bites you.
* * * LOW HITPOINT WARNING * * *
Fire: 19 bolts
Press: ? - help, Q - select action, (/) - cycle Shift-Dir - straight line, f/p - jackal
Aim: a jackal (heavily wounded, softly glowing, 73% to hit)
You shoot a bolt. The bolt barely misses the jackal.
The bolt hits the jackal but does no damage.
The jackal misses you. The jackal bites you.
* * * LOW HITPOINT WARNING * * *
Fire: 18 bolts
Press: ? - help, Q - select action, (/) - cycle Shift-Dir - straight line, f/p - jackal
Aim: a jackal (heavily wounded, softly glowing, 73% to hit)
You shoot a bolt. The bolt hits the jackal.
You kill the jackal!
The jackal completely misses you.
Casting: Corona (safe; 7% risk of failure)
Confirm with . or Enter, or press ? or * to list all spells.
Aiming: Corona (safe; 7% risk of failure)
Press: ? - help, Shift-Dir - straight line, f - jackal
Aim: a jackal (chance to affect: 62%)
The jackal is outlined in light.
The jackal bites you.
You die...

#.###.....).... #......
#......#.###### ##..h...
.##..###...# ....... .....##..##
#..... ##.#.....# #...).
##....†...#####. #...b.
................. #.....
###........#.###############.###
#.....####...@h.(.(...........
#....## ###########..........
#....# #........... #...........
#........... #...........
#........... ##..........
##.....#...


You could see a jackal (corona).

Vanquished Creatures
  An endoplasm (D:1)
  3 goblins (D:1)
  A jackal (D:1)
  A quokka (D:1)
  3 bats (D:1)
  A frilled lizard (D:1)
  2 kobolds (D:1)
  A rat (D:1)
13 creatures vanquished.

Notes
Turn   | Place    | Note
-------+----------+-------------------------------------------
     0 | D:1      | Glokmah the Kobold Arcane Marksman began the quest for the
                  | Orb.
     0 | D:1      | Reached XP level 1. HP: 12/12 MP: 2/2
   609 | D:1      | Reached XP level 2. HP: 16/16 MP: 3/3
   749 | D:1      | Reached skill level 1 in Stealth
   830 | D:1      | Slain by a jackal

Illustrated notes

Levels and vault maps discovered:
D:1:      minmay_arrival_hallway, layout_rooms

Skill      XL: |  1  2 |
---------------+-------+-----
Stealth        | 1 |  1.0
Fighting       | |  1.3
Crossbows      | |  2.9
Dodging        | |  2.4
Spellcasting   | |  1.1
Hexes          | |  3.2

Action                   || total
-------------------------++-------
Melee: Dagger            ||    71
       Spear             ||     4
 Fire: Hand crossbow     ||     8
 Cast: Corona            ||     5
 Stab: Sleeping          ||     8
Armor: Robe              ||    11
Dodge: Dodged            ||    88

Table legend: (Time is in decaauts)
 A = Elapsed time spent in this place.
 B = Non-inter-level travel time spent in this place.
 C = Inter-level travel time spent in this place.
 D = Time resting spent in this place.
 E = Time spent auto-exploring this place.
 F = Levels seen in this place.
 G = Mean time per level.
                   A        B        C        D        E       F      G
               +--------+--------+--------+--------+--------+-----+--------+
         Total |    830 |    830 |      0 |    229 |    288 |   1 |  830.0 |
       Dungeon |    830 |    830 |      0 |    229 |    288 |   1 |  830.0 |
               +--------+--------+--------+--------+--------+-----+--------+

Top non-repeatable levels by time:
     D:1: 830 daAuts
